 Dungeon Crawl Stone Soup version 0.30-a0-879-ga8ba668304 (webtiles) character file.

Game seed: 15692397091942028962

37 Pimp the Firebug (level 3, -6/19 HPs)
             Began as a Gargoyle Fire Elementalist on Mar 13, 2023.
             Mangled by Natasha (7 damage)
             ... on level 2 of the Dungeon.
             The game lasted 00:06:11 (762 turns).

Pimp the Firebug (Gargoyle Fire Elementalist)        Turns: 762, Time: 00:06:12

Health: -6/19      AC:  5    Str: 11    XL:     3   Next: 39%
Magic:  0/6        EV: 12    Int: 17    God:
Gold:   43         SH:  0    Dex: 10    Spells: 0/6 levels left

rFire   . . .      SeeInvis .    c - staff of conjuration
rCold   . . .      Faith    .    (no shield)
rNeg    + . .      Spirit   .    a - +0 robe
rPois   ∞          Reflect  .    b - +0 hat
rElec   +          Rampage  .    (no cloak)
rCorr   .                        (no gloves)
Will    .....                    (no boots)
Stlth   ++                       (no amulet)
HPRegen 0.23/turn                (no ring)
MPRegen 0.10/turn                (no ring)

@: no status effects
A: sickness immunity, AC +3, negative energy resistance 1, electricity
resistance, torment resistance 1, petrification resistance
a: no special abilities


You were on level 2 of the Dungeon.
You visited 1 branch of the dungeon, and saw 2 of its levels.

You collected 43 gold pieces.

Inventory:

Armour
 a - a +0 robe (worn)
 b - a +0 hat (worn)
Magical Staves
 c - a staff of conjuration (weapon)
Scrolls
 d - a scroll of identify
Potions
 e - a potion of heal wounds
 f - a potion of flight {unknown}
 g - a potion of degeneration {unknown}
 h - a potion of curing {unknown}


   Skills:
 + Level 0.0 Fighting
 + Level 1.9 Dodging
 + Level 2.6 Stealth
 + Level 2.3 Spellcasting
 * Level 2.0 Conjurations
 + Level 3.2 Fire Magic
 + Level 0.0 Evocations


You couldn't memorise any spells.
You knew the following spells:

 Your Spells              Type           Power      Damage    Failure   Level
a - Foxfire               Conj/Fire      64%        2x1d7     6%          1
b - Scorch                Fire           26%        2d6       8%          2
c - Inner Flame           Hex/Fire       7%         N/A       28%         3

Your spell library contained the following spells:

 Spells                   Type           Power      Damage    Failure   Level
 Dazzling Flash           Conj/Hex       16%        N/A       36%         3
 Kindle Blastsparks       Fire/Tloc/Air  10%        2d10      36%         3
 Flame Wave               Conj/Fire      16%        2d7       54%         4
 Agony                    Necr           1%         N/A       99%         5
 Silence                  Hex/Air        0%         N/A       99%         5


Dungeon Overview and Level Annotations

Branches:
Dungeon (2/15)

Altars:

Shops:
D:2 !

Annotations:
D:2 Natasha


Innate Abilities, Weirdness & Mutations

You are immune to sickness and miasma.
Your stone body is resilient. (AC +3)
You are immune to poison.
You resist negative energy. (rN+)
You are resistant to electric shocks. (rElec)
You are resistant to unholy torment.
You are immune to petrification.


Message History

Casting: Foxfire (safe; 6% risk of failure)
Confirm with . or Enter, or press ? or * to list all spells.
The spell is astonishingly dangerous to miscast (28% risk of failure)!
Continue anyway?
Okay, then.
Casting: Inner Flame (astonishingly dangerous; 28% risk of failure)
Confirm with . or Enter, or press ? or * to list all spells.
Flames lash the endoplasm.
You kill the endoplasm!
Natasha, Servant of Life and Death comes into view.
Found 11 gold pieces and 6 stones.
Found Ushuw's Distillery.
Found a stone staircase leading up.
Natasha is nearby!
Natasha hisses angrily.
Casting: Scorch (safe; 8% risk of failure)
Confirm with . or Enter, or press ? or * to list all spells.
Flames lash Natasha.
Natasha is almost dead.
Natasha's fire resistance burns away.
Natasha mewls in sadness.
Natasha mumbles some strange words.
Found 9 gold pieces.
The white imp barely misses you.
You miss Natasha.
Natasha is almost dead.
Natasha claws you. The white imp hits you. The white imp freezes you.
Natasha claws you.
You hit Natasha.
Natasha is almost dead.
The white imp hits you.
* * * LOW HITPOINT WARNING * * *
The white imp freezes you.
* * * LOW HITPOINT WARNING * * *
Natasha claws you but does no damage.
Casting: Scorch (safe; 8% risk of failure)
Confirm with . or Enter, or press ? or * to list all spells.
Flames lash the white imp.
The white imp is burned terribly!
The white imp is severely wounded.
The white imp's fire resistance burns away.
The white imp hits you but does no damage.
Natasha claws you!
You die...

.# .## #..# ###.##
.>.##..# #....###
##.....###...... .
.............###.#
#....###.$..8.8.8
##......#.....⌠.⌠.
####...#.#.#.@h.8.∩.8
#.............5..⌠.⌠$
#..#..##>###....8.8.8
... #<###.#
#......### # #.# #.#
#....### ..# #.#
##..## #### #.# #...
.^. ##... ... (<.#


You could see Natasha (combustible) and a white imp (summoned, combustible).

Vanquished Creatures
  3 ball pythons (D:1)
  A bat (D:1)
  5 endoplasms
  A giant cockroach (D:1)
  4 goblins (D:1)
  5 hobgoblins (D:1)
  6 kobolds (D:1)
  2 quokkas (D:1)
  4 rats (D:1)
31 creatures vanquished.

Vanquished Creatures (others)
  43 foxfires (D:1)
43 creatures vanquished.

Grand Total: 74 creatures vanquished

Notes
Turn   | Place    | Note
-------+----------+-------------------------------------------
     0 | D:1      | Pimp the Gargoyle Fire Elementalist began the quest for the
                  | Orb.
     0 | D:1      | Reached XP level 1. HP: 10/10 MP: 3/3
    58 | D:1      | Reached XP level 2. HP: 15/15 MP: 1/5
   348 | D:1      | Reached XP level 3. HP: 18/19 MP: 3/6
   415 | D:1      | Learned a level 2 spell: Scorch
   419 | D:1      | Learned a level 3 spell: Inner Flame
   755 | D:2      | Noticed Natasha
   756 | D:2      | Found Ushuw's Distillery.
   762 | D:2      | Mangled by Natasha

Illustrated notes

Levels and vault maps discovered:
D:1:      lightli_arrival_boilingwater, layout_rooms, minmay_surrounded
D:2:      layout_rooms, serial_shops, shop,
          nicolae_shop_temple_entry_statues_fountains, nicolae_shop_waterfront,
          grunt_decor_resistance, minmay_tetromino_i2, uniq_sigmund, uniq_robin,
          uniq_crazy_yiuf_cottage, uniq_natasha

Skill      XL: |  1  2  3 |
---------------+----------+-----
Conjurations   | 2 |  2.0
Dodging        | |  1.9
Stealth        | |  2.6
Spellcasting   | |  2.3
Fire Magic     | |  3.2

Action                     || total
---------------------------++-------
  Melee: Staff             ||    58
         Punch             ||     1
   Cast: Foxfire           ||    26
         Scorch            ||     4
    Use: Potion            ||     1
         Scroll            ||     1
   Stab: Sleeping          ||     2
 Armour: Robe              ||    28
  Dodge: Dodged            ||    56

Table legend: (Time is in decaauts)
 A = Elapsed time spent in this place.
 B = Non-inter-level travel time spent in this place.
 C = Inter-level travel time spent in this place.
 D = Time resting spent in this place.
 E = Time spent auto-exploring this place.
 F = Levels seen in this place.
 G = Mean time per level.
                   A        B        C        D        E       F      G
               +--------+--------+--------+--------+--------+-----+--------+
         Total |    778 |    740 |     38 |    170 |    302 |   2 |  389.0 |
       Dungeon |    778 |    740 |     38 |    170 |    302 |   2 |  389.0 |
               +--------+--------+--------+--------+--------+-----+--------+

Top non-repeatable levels by time:
     D:1: 762 daAuts
     D:2: 16 daAuts
